 Dungeon Crawl Stone Soup version 0.27-a0-1591-gc56fcc985a (webtiles) character file.

Game seed: 3275176500602949722

10556043 DocSulfur the Ninja (level 27, 35/147 HPs)
             Began as a Spriggan Enchanter on July 18, 2021.
             Was the Champion of Zin.
             Escaped with the Orb
             ... and 15 runes on July 19, 2021!
             The game lasted 17:04:58 (157863 turns).

DocSulfur the Ninja (Spriggan Enchanter)          Turns: 157863, Time: 17:04:58

Health: 35/147     AC:  9    Str:  5    XL:     27
Magic:  50/50      EV: 51    Int: 17    God:    Zin [******]
Gold:   4511       SH: 14    Dex: 38    Spells: 29/71 levels left

rFire    + . .     SeeInvis +   m - +9 short sword (holy)
rCold    + + .     Faith    .   t - +3 buckler
rNeg     + + .     Spirit   .   X - +5 robe of Night {Dark Will+ SInv}
rPois    .         Reflect  .   H - +2 hat {Stlth+}
rElec    +         Harm     .   x - scarf {shadows}
rCorr    +         Rampage  .   (gloves unavailable)
Will     +++++                  (boots unavailable)
Stlth    +++++.....             N - amulet "Qifociw" {RegenMP rN++ Stlth+}
HPRegen  0.34/turn              l - ring of Tuddix {Contam rElec rF+ rC+++ Dex+3}
MPRegen  0.57/turn              I - ring of the Glowing Hero {Drain rC- rCorr Dex+8 Slay+4}

@: studying 4 skills, very quick
A: very small, no large weapons, unfitting armour, see invisible, speed 3
0: Orb of Zot
}: 15/15 runes: decaying, serpentine, slimy, silver, golden, iron, obsidian,
icy, bone, abyssal, demonic, glowing, magical, fiery, dark
a: Renounce Religion, Recite, Vitalisation, Imprison, Sanctuary, Donate Gold


You escaped.
You worshipped Zin.
Zin was exalted by your worship.
You visited 18 branches of the dungeon, and saw 90 of its levels.
You visited Pandemonium 2 times, and saw 13 of its levels.
You visited the Abyss 6 times.
You visited 2 bazaars.
You also visited: Ice Cave and Wizlab.

You collected 15859 gold pieces.
You spent 4897 gold pieces at shops.
You donated 6451 gold pieces to Zin.

Inventory:

Hand Weapons
 a - the +9 rapier of Nekhlif {antimagic, Will+ Stlth+}
   (You found it in an ice cave)

   It reduces the magical energy of the wielder, and disrupts the spells and
   magical abilities of those it strikes.
   Natural abilities and divine invocations are not affected.
   Will:      It increases your willpower.
   Stlth:     It makes you more stealthy.
 b - the +9 hunting sling "Jito" {freeze, rC+ MP+9 Str+7 Dex+3}
   (You found it on level 4 of the Depths)

   Any ammunition fired from it freezes those it strikes, dealing additional
   cold damage.
   It can also slow down cold-blooded creatures.
   Str:       It affects your strength (+7).
   Dex:       It affects your dexterity (+3).
   rC:        It protects you from cold.
   MP:        It affects your magic capacity (+9).
 m - a +9 short sword of holy wrath (weapon)
 z - the +11 quick blade "Iramm" {protect, Int+2 Stlth+}
   (You acquired it on level 4 of the Snake Pit)

   It grants its wielder temporary protection when it strikes (+7 to AC).
   Int:       It affects your intelligence (+2).
   Stlth:     It makes you more stealthy.
Missiles
 i - 547 sling bullets
 B - 25 datura-tipped darts
 F - 6 atropa-tipped darts (quivered)
Armour
 t - a +3 buckler (worn)
 u - the +0 hat of Vexation {*Slow +Blink rF+}
   (You acquired it in Pandemonium)

   rF:        It protects you from fire.
   +Blink:    It lets you blink.
   *Slow:     It may slow you when you take damage.
 x - a scarf of shadows (worn)
 y - the +0 cloak "Eveyngimp" {rPois rF+ Regen+ MP+9}
   (You acquired it on level 9 of the Dungeon)

   rF:        It protects you from fire.
   rPois:     It protects you from poison.
   MP:        It affects your magic capacity (+9).
   Regen:     It increases your rate of health regeneration.
 H - a +2 hat of stealth (worn)
 K - a scarf of resistance
 L - a +2 robe of resistance
 P - the +4 moon troll leather armour {Spirit, Regen++ MP+5}
   (You took it off a moon troll in a wizard's laboratory)

   MP:        It affects your magic capacity (+5).
   Regen:     It increases your rate of health regeneration.
 X - the +5 robe of Night (worn) {Dark Will+ SInv}
   (You found it on level 3 of the Depths)

   It shrouds the wearer in darkness, reducing the range at which they can see
   and be seen by others.
   SInv:      It lets you see invisible.
   Will:      It increases your willpower.
 Y - the +1 robe "Opiq" {Fly rN+ Will+ Int+4}
   (You found it on level 4 of the Snake Pit)

   Int:       It affects your intelligence (+4).
   rN:        It protects you from negative energy.
   Fly:       It grants you flight.
   Will:      It increases your willpower.
Jewellery
 e - the ring of Gyta {rC+ Will+ rCorr MP+9 Stlth+}
   (You bought it in a shop on level 2 of the Orcish Mines)

   [ring of resist corrosion]

   rC:        It protects you from cold.
   MP:        It affects your magic capacity (+9).
   rCorr:     It protects you from acid and corrosion.
   Will:      It increases your willpower.
   Stlth:     It makes you more stealthy.
 f - the amulet of Jezeuroy {Reflect rC- rN+ SH+5 SInv}
   (You found it on level 3 of the Swamp)

   [amulet of reflection]

   It reflects blocked missile attacks.
   rC:        It makes you vulnerable to cold.
   rN:        It protects you from negative energy.
   SInv:      It lets you see invisible.
   SH:        It affects your SH (+5).
 l - the ring of Tuddix (left hand) {Contam rElec rF+ rC+++ Dex+3}
   (You found it on level 7 of the Iron City of Dis)

   [ring of protection from fire]

   Dex:       It affects your dexterity (+3).
   rF:        It protects you from fire.
   rC:        It renders you almost immune to cold.
   rElec:     It insulates you from electricity.
   Contam:    It causes magical contamination when unequipped.
 p - the ring "Efounar" {rC+ Will+ MP+9}
   (You acquired it on level 9 of the Dungeon)

   [ring of magical power]

   rC:        It protects you from cold.
   MP:        It affects your magic capacity (+9).
   Will:      It increases your willpower.
 q - the ring of Mykhlate {Fly rElec rPois Str+6}
   (You bought it in a shop on level 2 of the Orcish Mines)

   [ring of strength]

   Str:       It affects your strength (+6).
   rElec:     It insulates you from electricity.
   rPois:     It protects you from poison.
   Fly:       It grants you flight.
 E - the amulet "Jaer" {rElec rPois Regen+}
   (You found it on level 7 of Tartarus)

   [amulet of regeneration]

   rElec:     It insulates you from electricity.
   rPois:     It protects you from poison.
   Regen:     It increases your rate of health regeneration.
 I - the ring of the Glowing Hero (right hand) {Drain rC- rCorr Dex+8 Slay+4}
   (You found it on level 4 of the Depths)

   [ring of slaying]

   Dex:       It affects your dexterity (+8).
   Slay:      It affects your accuracy & damage with ranged weapons and melee
   (+4).
   rC:        It makes you vulnerable to cold.
   rCorr:     It protects you from acid and corrosion.
   Drain:     It drains your maximum health when unequipped.
 J - the ring of Soujuol {rElec rN+ rCorr Str+6 Slay+3}
   (You found it on level 5 of the Vaults)

   [ring of strength]

   Str:       It affects your strength (+6).
   Slay:      It affects your accuracy & damage with ranged weapons and melee
   (+3).
   rElec:     It insulates you from electricity.
   rN:        It protects you from negative energy.
   rCorr:     It protects you from acid and corrosion.
 N - the amulet "Qifociw" (around neck) {RegenMP rN++ Stlth+}
   (You found it on level 7 of Tartarus)

   [amulet of magic regeneration]

   It increases your rate of magic regeneration.
   rN:        It greatly protects you from negative energy.
   Stlth:     It makes you more stealthy.
 O - the brooch of Shielding {Spirit SH+8}
   (You found it in an ice cave)

   [amulet of guardian spirit]

   It causes incoming damage to be divided between your reserves of health and
   magic.
   SH:        It affects your SH (+8).
 Q - the ring of Boeteliy {rPois rC+ MP-9 Dex+9 SInv}
   (You found it on level 7 of Gehenna)

   [ring of poison resistance]

   Dex:       It affects your dexterity (+9).
   rC:        It protects you from cold.
   rPois:     It protects you from poison.
   MP:        It affects your magic capacity (-9).
   SInv:      It lets you see invisible.
 T - the ring of the Voivode {Drain rF++ Str+6 Dex+4 SInv}
   (You found it on level 3 of the Snake Pit)

   [ring of strength]

   Str:       It affects your strength (+6).
   Dex:       It affects your dexterity (+4).
   rF:        It greatly protects you from fire.
   SInv:      It lets you see invisible.
   Drain:     It drains your maximum health when unequipped.
Wands
 d - a wand of paralysis (15)
 o - a wand of digging (38)
 s - a wand of iceblast (96)
 v - a wand of acid (70)
Scrolls
 h - 21 scrolls of fog
 k - 4 scrolls of summoning
 r - 12 scrolls of teleportation
 A - 4 scrolls of holy word
 C - a scroll of brand weapon
 R - 8 scrolls of vulnerability
 V - 3 scrolls of blinking
 W - 2 scrolls of magic mapping
Potions
 c - 23 potions of curing
 g - 6 potions of haste
 j - 5 potions of might
 n - 6 potions of invisibility
 w - 5 potions of resistance
 G - 10 potions of mutation
 M - a potion of heal wounds
 S - 5 potions of magic
 U - a potion of brilliance
 Z - a potion of ambrosia
Miscellaneous
 D - a phantom mirror


   Skills:
 - Level 16.0 Fighting
 O Level 27 Short Blades
 - Level 5.2(20.9) Slings
 + Level 25.7 Throwing
 - Level 8.0 Armour
 - Level 18.9 Dodging
 O Level 27 Stealth
 - Level 7.2 Shields
 + Level 22.5 Spellcasting
 - Level 4.0 Conjurations
 - Level 24.0 Hexes
 - Level 14.0 Summonings
 - Level 4.0 Ice Magic
 O Level 27 Invocations
 - Level 26.2 Evocations


You had 29 spell levels left.
You knew the following spells:

 Your Spells              Type           Power      Damage    Failure   Level
a - Corona                Hex            87%        N/A       0%          1
b - Confusing Touch       Hex            79%        N/A       0%          3
c - Tukima's Dance        Hex            79%        N/A       0%          3
d - Ensorcelled Hibernat  Hex/Ice        100%       N/A       0%          2
e - Dazzling Flash        Conj/Hex       100%       N/A       1%          3
f - Mephitic Cloud        Conj/Pois/Air  23%        N/A       4%          3
g - Blink                 Tloc           N/A        N/A       3%          2
h - Silence               Hex/Air        28%        N/A       1%          5
i - Discord               Hex            39%        N/A       1%          8
j - Shadow Creatures      Summ           N/A        N/A       1%          6
k - Invisibility          Hex            39%        N/A       1%          6

Your spell library contained the following spells:

 Spells                   Type           Power      Damage    Failure   Level
 Summon Small Mammal      Summ           100%       N/A       0%          1
 Call Imp                 Summ           61%        N/A       0%          2
 Slow                     Hex            79%        N/A       0%          2
 Cause Fear               Hex            39%        N/A       0%          4
 Freeze                   Ice            100%       1d11      1%          1
 Magic Dart               Conj           100%       1d8       1%          1
 Shock                    Conj/Air       100%       1d9       1%          1
 Searing Ray              Conj           64%        3d5       1%          2
 Static Discharge         Conj/Air       25%        N/A       1%          2
 Call Canine Familiar     Summ           61%        N/A       1%          3
 Frozen Ramparts          Ice            64%        1d8       1%          3
 Inner Flame              Hex/Fire       56%        N/A       1%          3
 Ozocubu's Armour         Ice            32%        N/A       1%          3
 Portal Projectile        Hex/Tloc       100%       N/A       1%          3
 Animate Armour           Summ/Erth      84%        N/A       1%          4
 Fulminant Prism          Conj/Hex       30%        3d16      1%          4
 Leda's Liquefaction      Hex/Erth       28%        N/A       1%          4
 Summon Ice Beast         Ice/Summ       49%        N/A       1%          4
 Summon Lightning Spire   Summ/Air       42%        N/A       1%          4
 Metabolic Englaciation   Hex/Ice        30%        N/A       1%          5
 Summon Mana Viper        Hex/Summ       70%        N/A       1%          5
 Yara's Violent Unravell  Hex/Tmut       28%        3d12      1%          5
 Animate Skeleton         Necr           38%        N/A       2%          1
 Apportation              Tloc           38%        N/A       2%          1
 Beastly Appendage        Tmut           38%        N/A       2%          1
 Pain                     Necr           76%        1d7       2%          1
 Sandblast                Erth           38%        2d10      2%          1
 Sting                    Tmut/Pois      76%        1d6       2%          1
 Passwall                 Tmut/Erth      15%        N/A       3%          2
 Poisonous Vapours        Pois/Air       38%        N/A       3%          2
 Sublimation of Blood     Necr           9%         N/A       3%          2
 Wereblood                Tmut           19%        N/A       3%          2
 Conjure Flame            Conj/Fire      25%        6-21      3%          3
 Stone Arrow              Conj/Erth      50%        3d10      3%          3
 Summon Forest            Summ/Tloc      21%        N/A       3%          5
 Hailstorm                Conj/Ice       32%        3d8       4%          4
 Monstrous Menagerie      Summ           30%        N/A       6%          7
 Ignite Poison            Fire/Tmut/Pois 19%        N/A       7%          3
 Spider Form              Tmut/Pois      9%         N/A       7%          3
 Swiftness                Air            19%        N/A       7%          3
 Teleport Other           Tloc           19%        N/A       7%          3
 Vampiric Draining        Necr           9%         2d7       7%          3
 Ice Form                 Ice/Tmut       25%        N/A       11%         4
 Iskenderun's Mystic Bla  Conj/Tloc      25%        2d7       11%         4
 Sticky Flame             Conj/Fire      25%        2d5       11%         4
 Iskenderun's Battlesphe  Conj           32%        2d8       13%         5
 Freezing Cloud           Conj/Ice/Air   14%        6-21      22%         5
 Airstrike                Air            9%         N/A       24%         4
 Animate Dead             Necr           9%         N/A       24%         4
 Dispel Undead            Necr           19%        3d11      24%         4
 Olgreb's Toxic Radiance  Pois           19%        N/A       24%         4
 Passage of Golubria      Tloc           N/A        N/A       24%         4
 Fireball                 Conj/Fire      12%        3d7       28%         5
 Irradiate                Conj/Tmut      12%        3d17      28%         5
 Lightning Bolt           Conj/Air       12%        1d26      28%         5
 Bolt of Magma            Conj/Fire/Erth 11%        4d7       36%         5
 Summon Horrible Things   Summ           30%        N/A       45%         8
 Agony                    Necr           19%        N/A       54%         5
 Alistair's Intoxication  Tmut/Pois      12%        N/A       54%         5
 Blade Hands              Tmut           9%         N/A       54%         5
 Borgnjor's Vile Clutch   Necr/Erth      9%         N/A       54%         5
 Excruciating Wounds      Necr           9%         N/A       54%         5
 Lee's Rapid Deconstruct  Erth           9%         3d8*      54%         5
 Manifold Assault         Tloc           19%        N/A       54%         5
 Haunt                    Necr/Summ      21%        N/A       75%         7
 Malign Gateway           Summ/Tloc      21%        N/A       75%         7
 Conjure Ball Lightning   Conj/Air       12%        3x3d6     85%         6
 Simulacrum               Ice/Necr       12%        N/A       85%         6
 Starburst                Conj/Fire      12%        8x6d5     85%         6
 Death Channel            Necr           9%         N/A       98%         6
 Dispersal                Tloc           9%         N/A       98%         6
 Eringya's Noxious Bog    Tmut/Pois      9%         N/A       98%         6
 Statue Form              Tmut/Erth      12%        N/A       98%         6
 Orb of Destruction       Conj           16%        9d7       98%         7
 Ozocubu's Refrigeration  Ice            16%        4d8       98%         7
 Dragon Form              Tmut           9%         N/A       100%        7
 Storm Form               Tmut/Air       9%         N/A       100%        7
 Borgnjor's Revivificati  Necr           9%         N/A       100%        8
 Disjunction              Tloc           9%         N/A       100%        8
 Ignition                 Fire           9%         3d5       100%        8
 Infestation              Necr           9%         N/A       100%        8
 Lehudib's Crystal Spear  Conj/Erth      12%        10d4      100%        8
 Maxwell's Capacitive Co  Air            9%         ∞         100%        8
 Necromutation            Tmut/Necr      9%         N/A       100%        8
 Chain Lightning          Conj/Air       12%        3d16      100%        9
 Death's Door             Necr           9%         N/A       100%        9
 Fire Storm               Conj/Fire      12%        8d3       100%        9
 Polar Vortex             Ice            16%        N/A       100%        9
 Shatter                  Erth           9%         3d11*     100%        9


Dungeon Overview and Level Annotations

Branches:
Dungeon (15/15)            Temple (1/1) D:7            Lair (6/6) D:9
  Swamp (4/4) Lair:3        Snake (4/4) Lair:2        Slime (5/5) Lair:6
    Orc (2/2) D:11            Elf (3/3) Orc:2        Vaults (5/5) D:13
  Crypt (3/3) Vaults:2       Tomb (3/3) Crypt:3      Depths (5/5) D:15
   Hell (visited)             Dis (7/7) Hell            Geh (7/7) Hell
    Coc (7/7) Hell            Tar (7/7) Hell            Zot (5/5) Depths:5
  IceCv (visited)          WizLab (visited)

Altars:
Ashenzari
Cheibriados
Dithmenos
Elyvilon
Fedhas
Gozag
Hepliaklqana
Kikubaaqudgha
Makhleb
Nemelex Xobeh
Okawaru
Qazlal
Ru
Sif Muna
Trog
Uskayaw
Vehumet
Wu Jian
Xom
Yredelemnul
Zin
The Shining One
Beogh
Jiyva

Shops:
D:1 *   D:4 *   Orc:2 *[(=   Snake:1 (?=   Vaults:3 (   Depths:2 **![*
Depths:3 !*

Portals:
Hell: Depths:1 Depths:2 Depths:3 Depths:4 Depths:5
Abyss: Depths:1 Depths:4
Pandemonium: Depths:1 Depths:3 Depths:5
Ziggurat: Depths:1

Annotations:
D:6 exclusion: statue
Lair:2 exclusions: 3 oklob plants and 2 more exclusions
Crypt:1 Zezozy's ghost, veteran GrFi
Crypt:3 2 transporters, Vaufon's ghost, veteran GrFi; Vecvo's ghost, veteran GrFi
Tomb:3 Boris
Zot:2 3 runed translucent doors, Cureyg's ghost, legendary MiFi; Numi's ghost, legendary OpWz
Zot:3 1 runed translucent door, Kataureu's ghost, legendary GnMo


Innate Abilities, Weirdness & Mutations

You are very small and have problems with some larger weapons.
You are too small for most types of armour.
You have supernaturally acute eyesight. (SInv)
You cover ground extremely quickly. (Speed+++)


Message History

There is a stone staircase leading up here.
You climb upwards.
There is a stone staircase leading down here.
There is a stone staircase leading up here.
You climb upwards.
There is a stone staircase leading down here.
There is an open door here.
A Tzitzimitl comes into view.
The Tzitzimitl calls on the powers of darkness!
Your body is wracked with pain!
There is a staircase leading out of the dungeon here.
Throw: 10 darts (atropa)
Press: ? - help, Q - select action, (/) - cycle Shift-Dir - straight line, f - Tzitzimitl
Aim: a Tzitzimitl (72% to hit, chance to blind on hit: 48%)
You throw an atropa-tipped dart.
The atropa-tipped dart hits the Tzitzimitl!!
The Tzitzimitl resists.
Throw: 9 darts (atropa)
Press: ? - help, Q - select action, (/) - cycle Shift-Dir - straight line, f/p - Tzitzimitl
Aim: a Tzitzimitl (72% to hit, chance to blind on hit: 48%)
You throw an atropa-tipped dart.
The atropa-tipped dart hits the Tzitzimitl!
The Tzitzimitl resists.
Throw: 8 darts (atropa)
Press: ? - help, Q - select action, (/) - cycle Shift-Dir - straight line, f/p - Tzitzimitl
Aim: a Tzitzimitl (72% to hit, chance to blind on hit: 47%)
You throw an atropa-tipped dart.
The atropa-tipped dart hits the Tzitzimitl!
The Tzitzimitl resists.
The Tzitzimitl calls on the powers of darkness!
Your body is wracked with pain!
* * * LOW HITPOINT WARNING * * *
Throw: 7 darts (atropa)
Press: ? - help, Q - select action, (/) - cycle Shift-Dir - straight line, f/p - Tzitzimitl
Aim: a Tzitzimitl (72% to hit, chance to blind on hit: 48%)
You throw an atropa-tipped dart.
The atropa-tipped dart barely misses the Tzitzimitl.
The Tzitzimitl gestures at you. The bolt of negative energy misses you.
You have escaped!

###.####..##.##.##.#.#####
#.#♣........#....#.†..†#
#.....1......#########.#
##.♣..P........##.......#
#....♣(....P..P.#.#######
#.....(P..........####### #######
#....P.1...P.....).......
......###..♣.............########
####....#...P...@...P....#
........#................#
........#....P.........P.#
.......##......P.P.......#
.......##)♣♣..........P♣.#
#................♣.P.....#
#......##...............##
#......#####.♣.....♣.####
#......# ###########


You could see a Tzitzimitl.

Vanquished Creatures
  Cerebov (Pan)
  Antaeus (Coc:7)
  Asmodeus (Geh:7)
  Ereshkigal (Tar:7)
  Dissolution (Slime:2)
  the Royal Jelly (Slime:5)
  Gloorx Vloq (Pan)
  4 dread liches
  Lom Lobon (Pan)
  Mnoleg (Pan)
  5 orbs of fire
  6 ancient liches
  Dispater (Dis:7)
  Mara (Snake:3)
  Mennas (Depths:3)
  A juggernaut (Depths:4)
  36 royal mummies
  Boris (Crypt:1)
  8 Killer Klowns
  Frederick (Crypt:1)
  10 shard shrikes
  10 curse toes
  5 caustic shrikes (Depths:5)
  Geryon (Hell)
  Nikola (Depths:2)
  12 golden dragons
  A profane servitor (Abyss:2)
  6 bone dragons
  14 Tzitzimimeh
  4 iron giants (Dis:7)
  13 Brimstone Fiends
  2 pandemonium lords (Pan)
  2 electric golems (Zot:5)
  13 Ice Fiends
  A doom hound (Tar:4)
  21 tentacled monstrosities
  A hellephant (Hell)
  25 Orb Guardians (Zot:5)
  14 liches
  7 Hell Sentinels
  19 acid blobs
  3 deep elf blademasters
  2 deep elf master archers (Elf:3)
  14 quicksilver dragons
  9 titans
  19 Executioners
  Asterion (Depths:3)
  7 death cobs
  A moon troll (WizLab)
  17 sphinxes
  Gastronok (D:10)
  28 tentacled starspawn
  Kirke (D:14)
  21 ancient champions
  Roxanne (Snake:4)
  A thorn hunter (Abyss:4)
  15 storm dragons
  10 shadow dragons
  16 tengu reavers
  A fenstrider witch (Swamp:1)
  14 azure jellies
  13 rockslimes
  14 nagarajas (Snake:4)
  7 draconian monks
  21 fire giants
  21 frost giants
  5 draconian scorchers
  4 iron dragons
  5 revenants
  11 vault wardens
  A draconian knight (Depths:5)
  35 balrugs
  2 ghost moths (Zot:2)
  4 orc warlords
  8 deep elf sorcerers
  12 cacodemons
  7 draconian shifters
  44 reapers
  8 curse skulls
  10 draconian annihilators
  20 ghouls
  3 warmongers (Pan)
  4 deep elf elementalists (Elf:3)
  11 ironbound preservers
  14 green draconians
  17 war gargoyles
  5 spriggan defenders
  2 draconian stormcallers
  44 very ugly things
  8 quicksilver oozes
  2 blood saints (Pan)
  24 stone giants
  21 vampire knights
  3 black suns (Pan)
  6 bennus
  7 deep elf demonologists
  4 dire elephants
  4 elemental wellsprings
  5 lorocyprocas (Pan)
  4 bunyips
  12 yellow draconians
  An entropy weaver (Abyss:4)
  7 deep elf annihilators
  16 black draconians
  7 spark wasps
  16 red draconians
  9 purple draconians
  A spark wasp (shapeshifter) (Depths:5)
  12 white draconians
  8 eidola
  17 ettins
  9 deep elf death magi
  29 blizzard demons
  Josephine (D:11)
  17 green deaths
  6 eleionomae
  2 quicksilver dragon zombies (Tar:7)
  20 mummy priests
  6 jiangshi
  24 fire dragons
  3 shambling mangroves
  2 kraken zombies
  14 yaktaur captains
  38 vault guards
  Fannar (Lair:2)
  22 ice dragons
  A monstrous demonspawn (Pan)
  4 deep elf high priests
  16 great orbs of eyes
  6 ironbound thunderhulks
  4 ghost crabs
  7 spriggan air magi
  2 quicksilver dragon skeletons
  14 rakshasas
  21 hydras
  2 juggernaut simulacra (Pan)
  5 anacondas
  2 ogre magi
  A salamander tyrant (Snake:3)
  10 centaur warriors
  4 boulder beetles
  22 naga warriors
  8 ironbound frosthearts
  7 catoblepae
  2 death knights (Crypt:1)
  5 hell beasts
  An anaconda (shapeshifter) (Vaults:4)
  9 deep troll shamans
  3 two-headed ogres
  8 alligators
  18 death yaks
  43 death scarabs
  27 dancing weapons
  8 vampire magi
  8 tengu warriors
  10 hell hogs
  6 deep troll earth magi
  3 spriggan berserkers
  17 naga sharpshooters
  A titan zombie (Dis:7)
  45 hell knights
  22 thrashing horrors
  12 shock serpents
  2 ironbound beastmasters (Vaults:1)
  9 spriggans
  3 iron golems
  6 orc high priests
  6 wretched stars
  26 soul eaters
  3 storm dragon skeletons
  6 iron trolls
  44 sun demons
  A fire crab (shapeshifter) (D:14)
  88 skeletal warriors
  8 golden dragon zombies
  14 deep elf knights
  12 shadow wraiths
  2 storm dragon zombies
  7 goliath frogs
  A deep troll (shapeshifter) (Vaults:5)
  3 salamander mystics
  4 titan skeletons
  15 sixfirhies
  2 death drakes
  10 naga ritualists
  5 spriggan druids
  2 orange crystal statues
  A kraken simulacrum (Hell)
  38 deep trolls
  11 glowing orange brains
  2 torturous demonspawn (Pan)
  2 shadow dragon zombies
  5 infernal demonspawn (Pan)
  3 spatial maelstroms
  21 starcursed masses
  17 flayed ghosts
  3 gelid demonspawn (Pan)
  12 shadow demons
  8 anaconda zombies
  10 ironbound convokers
  4 ghost moth zombies
  5 wolf spider zombies
  4 golden dragon skeletons
  18 phantasmal warriors
  7 anaconda skeletons
  14 wizards
  2 lindwurms (Vaults:1)
  9 swamp dragons
  5 deep elf archers
  12 mana vipers
  49 ugly things
  3 obsidian statues (Zot:5)
  3 harpies (Depths:2)
  19 bog bodies
  17 orc knights
  18 deep elf pyromancers
  4 stone giant zombies
  A wolf spider (Vaults:5)
  4 iron dragon zombies (Dis:7)
  2 orb spiders (Abyss:3)
  18 deep elf zephyrmancers
  5 manticores
  6 shadow dragon skeletons
  6 shining eyes
  6 will-o-the-wisps
  7 spectral spriggans (Swamp:2)
  3 frost giant zombies
  59 large abominations
  20 necromancers
  2 goliath frog skeletons
  A moth of wrath (shapeshifter) (Depths:4)
  6 orc sorcerers
  3 cyclopes
  A dire elephant zombie (Coc:4)
  5 fire giant zombies
  23 elephants
  A shock serpent zombie (Coc:7)
  24 moths of wrath
  7 frost giant skeletons
  27 smoke demons
  5 worldbinders
  17 salamanders
  8 guardian serpents
  6 fire giant skeletons
  13 apocalypse crabs
  13 naga magi
  An iron dragon skeleton (Coc:3)
  44 black mambas
  13 ice statues
  6 centaur zombies
  An eye of devastation (shapeshifter) (Vaults:5)
  11 vault sentinels
  A gargoyle (D:12)
  15 orange demons
  7 stone giant skeletons
  9 molten gargoyles
  27 rust devils
  9 eyes of devastation
  A storm dragon simulacrum (Crypt:3)
  4 dire elephant skeletons
  5 emperor scorpion zombies
  3 catoblepas zombies
  Maggie (D:7)
  15 cane toads
  5 unseen horrors
  16 hellions
  5 komodo dragons
  10 demonic crawlers
  3 kobold demonologists
  A sea snake zombie (Hell)
  4 rime drakes
  38 freezing wraiths
  43 yaktaurs
  62 ice devils
  19 tormentors
  3 catoblepas skeletons
  16 efreet
  28 guardian mummies
  3 sea snake skeletons (Hell)
  2 white draconian skeletons
  A merfolk (shapeshifter) (Vaults:5)
  A queen bee (shapeshifter) (Abyss:3)
  5 tengu conjurers
  4 bloated husks
  21 hellwings
  3 silent spectres
  A yaktaur skeleton (Vaults:2)
  3 polar bears
  10 ancient zymes
  20 red devils
  20 hydra zombies
  A tengu simulacrum (Vaults:2)
  9 trolls
  13 tyrant leeches
  A harpy skeleton (Pan)
  5 harpy zombies
  3 ice dragon zombies
  14 hornets
  5 hydra skeletons
  4 fire dragon zombies
  25 raiju
  118 slime creatures
  2 ettin zombies
  A jumping spider zombie (Crypt:1)
  A fire giant simulacrum (Crypt:2)
  44 blink frogs
  103 flying skulls
  2 fire dragon skeletons
  An air elemental (Abyss:4)
  A spriggan (shapeshifter) (Abyss:4)
  8 alligator zombies
  A vampire (D:11)
  39 shadows
  23 wraiths
  16 water elementals
  2 ice dragon skeletons
  69 yaks
  17 ynoxinuls
  A dire elephant simulacrum (Coc:7)
  3 ettin skeletons
  4 hogs (D:14)
  13 fire bats
  5 wyverns
  7 ushabtiu
  25 neqoxecs
  6 fire elementals
  5 basilisks
  8 chaos spawn
  Grum (Lair:1)
  A black mamba skeleton (Tar:7)
  3 golden eyes (shapeshifter)
  18 golden eyes
  2 steam dragons
  A merfolk zombie (Tar:7)
  A sea snake simulacrum (Hell)
  12 swamp worms
  6 spatial vortices
  7 wargs
  Menkaure (D:7)
  4 cane toad zombies
  2 hydra simulacra
  20 hell hounds
  A glowing shapeshifter zombie (Crypt:3)
  45 nagas
  Duvessa (D:6)
  11 water moccasins
  8 floating eyes
  A floating eye (shapeshifter) (Vaults:3)
  A merfolk skeleton (Crypt:3)
  4 swamp dragon zombies
  An infernal demonspawn skeleton (Tar:7)
  3 swamp drakes
  49 orc warriors
  2 cane toad skeletons
  2 sky beasts (D:7)
  A hornet zombie (D:9)
  A manticore zombie (Dis:6)
  13 necrophages
  An ogre (shapeshifter) (Abyss:1)
  9 ogres
  11 wolves
  A centaur (shapeshifter) (Depths:4)
  4 centaurs
  2 snapping turtle skeletons
  6 phantoms
  3 kobold brigands
  A yaktaur zombie (Crypt:1)
  A draconian zombie (Crypt:1)
  11 bullfrogs
  18 small abominations
  An elf zombie (Elf:1)
  A water moccasin zombie (D:6)
  2 earth elementals
  A gnoll sergeant (D:13)
  Dowan (D:6)
  2 cane toad simulacra
  2 wyvern skeletons
  A troll zombie (Crypt:1)
  A queen bee zombie (Crypt:3)
  A water moccasin skeleton (D:7)
  An elephant simulacrum (IceCv)
  A snapping turtle simulacrum (Coc:7)
  A swamp dragon simulacrum (Crypt:2)
  4 electric eels
  37 wights
  A howler monkey (D:7)
  A spriggan skeleton (Tomb:2)
  2 quasits
  A bullfrog zombie (D:6)
  A centaur skeleton (D:7)
  3 hounds
  4 jellies
  A bullfrog skeleton (D:4)
  11 iron imps
  19 orc priests
  A gnoll shaman (D:9)
  A human skeleton (Tar:7)
  A basilisk skeleton (Crypt:2)
  3 iguanas
  A scorpion zombie (D:5)
  Ijyb (D:3)
  23 orc wizards
  10 hell rats
  A polar bear simulacrum (IceCv)
  2 killer bee zombies
  A naga zombie (Tar:7)
  An acid dragon skeleton (Crypt:3)
  A human simulacrum (Abyss:3)
  2 hound skeletons
  38 mummies
  2 howler monkey zombies
  10 gnolls
  7 adders
  7 shadow imps
  28 white imps
  3 ufetubi
  A lava snake zombie (Crypt:1)
  A worm zombie (Crypt:2)
  3 worms
  A barachi skeleton (Crypt:2)
  A barachi zombie (Crypt:1)
  3 dart slugs
  97 orcs
  2 bats
  4 endoplasms
  3 giant cockroaches
  15 goblins
  7 hobgoblins
  3 jackals (D:3)
  7 quokkas
  4 ball pythons (D:1)
  5 frilled lizards
  A frilled lizard zombie (Crypt:2)
  14 kobolds
  A kobold skeleton (Geh:7)
  An orc simulacrum (Hell)
  An orc skeleton (Hell)
  A quokka zombie (Crypt:2)
  9 rats
  A fire vortex (Geh:7)
  15 pillars of salt
  4 starspawn tentacles
4332 creatures vanquished.

Vanquished Creatures (collateral kills)
  An orb of fire (Zot:5)
  Bai Suzhen (Swamp:4)
  2 tentacled monstrosities
  A rockslime (Slime:5)
  2 ettins
  An alligator (Swamp:2)
  A naga (Depths:3)
9 creatures vanquished.

Vanquished Creatures (others)
  A fire dragon (Depths:2)
  A naga warrior (Snake:4)
  A wretched star (Abyss:3)
  A spriggan (Swamp:4)
  A salamander (Snake:3)
  2 yaktaurs (Vaults:3)
  A tengu conjurer (D:15)
  2 hornets (Swamp:4)
  A raiju (Abyss:3)
  4 dancing weapons
  A fire dragon simulacrum (Abyss:3)
  A crimson imp (Abyss:3)
  A quasit (Abyss:3)
  A jelly (Abyss:3)
  A white imp (Abyss:3)
  2 orcs
  7 demonic plants
  36 foxfires
  64 fungi
  178 pillars of salt
  130 plants
  65 starspawn tentacles
  10 tentacles
  19 withered plants (Crypt:3)
531 creatures vanquished.

Grand Total: 4872 creatures vanquished

Notes
Turn   | Place    | Note
-------+----------+-------------------------------------------
     0 | D:1      | DocSulfur the Spriggan Enchanter began the quest for the
                  | Orb.
     0 | D:1      | Reached XP level 1. HP: 9/9 MP: 5/5
   324 | D:1      | Found Ucvuw's Assorted Antiques.
   326 | D:1      | Found a faded altar of an unknown god.
   805 | D:1      | Reached XP level 2. HP: 10/13 MP: 4/6
  1359 | D:1      | Reached skill level 5 in Stealth
  1851 | D:1      | Reached XP level 3. HP: 16/16 MP: 8/8
  2136 | D:2      | Learned a level 3 spell: Confusing Touch
  2140 | D:2      | Learned a level 3 spell: Tukima's Dance
  2708 | D:2      | Reached XP level 4. HP: 21/21 MP: 4/9
  3558 | D:3      | Noticed Ijyb
  4018 | D:3      | Reached XP level 5. HP: 24/24 MP: 10/10
  4382 | D:3      | Learned a level 2 spell: Ensorcelled Hibernation
  4389 | D:3      | Killed Ijyb
  4424 | D:3      | Reached skill level 1 in Evocations
  4640 | D:4      | Noticed a necrophage
  4793 | D:4      | Found Penlat's Lightly-Used Armoury.
  5119 | D:4      | Killed a necrophage
  5120 | D:4      | Reached XP level 6. HP: 20/28 MP: 5/11
  5241 | D:5      | Entered Level 5 of the Dungeon
  5242 | D:5      | Found a burning altar of Makhleb.
  5526 | D:5      | Reached skill level 5 in Hexes
  5541 | D:5      | Found a blossoming altar of Fedhas.
  5542 | D:5      | Found a snail-covered altar of Cheibriados.
  5601 | D:5      | Reached XP level 7. HP: 30/32 MP: 2/12
  5624 | D:5      | Found a shimmering altar of Xom.
  5801 | D:5      | Reached skill level 5 in Short Blades
  5808 | D:5      | Identified the +1 leather armour "Modweg" {-Tele Int+7
                  | SInv}
  6094 | D:5      | Found a glowing silver altar of Zin.
  6098 | D:5      | Became a worshipper of Zin the Law-Giver
  6098 | D:5      | Reached * piety under Zin
  6885 | D:5      | Found a bloodstained altar of Trog.
  7469 | D:6      | Reached XP level 8. HP: 36/36 MP: 8/13
  7475 | D:6      | Found a radiant altar of Vehumet.
  7627 | D:6      | Found a sparkling altar of Nemelex Xobeh.
  7805 | D:6      | Reached skill level 1 in Invocations
  7975 | D:6      | Reached ** piety under Zin
  8004 | D:6      | Noticed Dowan
  8041 | D:6      | Reached skill level 10 in Stealth
  8480 | D:6      | Noticed Duvessa
  8510 | D:6      | Killed Duvessa
  8538 | D:6      | Killed Dowan
  8539 | D:6      | Reached skill level 5 in Evocations
  8863 | D:7      | Found a glowing golden altar of the Shining One.
  8964 | D:7      | Reached XP level 9. HP: 36/39 MP: 12/14
  9003 | D:7      | Reached *** piety under Zin
  9215 | D:7      | Reached skill level 5 in Invocations
  9320 | D:7      | Found a staircase to the Ecumenical Temple.
  9532 | D:7      | Noticed Maggie
  9559 | D:7      | Killed Maggie
  9873 | D:7      | Noticed Menkaure
  9882 | D:7      | Killed Menkaure
  9883 | D:7      | Reached skill level 10 in Short Blades
  9887 | D:7      | Learned a level 3 spell: Dazzling Flash
 11405 | D:8      | Reached XP level 10. HP: 39/44 MP: 3/16
 11670 | D:8      | Reached **** piety under Zin
 11946 | D:9      | Noticed an ice statue
 11966 | D:9      | Reached skill level 1 in Conjurations
 12198 | D:9      | Found a broken altar of Ashenzari.
 12447 | D:9      | Found a staircase to the Lair.
 12517 | D:9      | Reached skill level 5 in Dodging
 13026 | D:9      | Reached ***** piety under Zin
 13242 | D:9      | Found an iron altar of Okawaru.
 14495 | D:10     | Entered Level 10 of the Dungeon
 14498 | D:10     | Noticed Gastronok
 14904 | D:10     | Reached skill level 5 in Spellcasting
 14954 | D:10     | Noticed a two-headed ogre
 14961 | D:10     | Killed a two-headed ogre
 15247 | D:10     | Killed Gastronok
 15248 | D:10     | Reached XP level 11. HP: 27/47 MP: 16/20
 15591 | D:11     | Noticed Josephine
 15600 | D:11     | Killed Josephine
 15696 | D:11     | Reached skill level 10 in Dodging
 15983 | D:11     | Reached skill level 1 in Shields
 16045 | D:11     | Reached skill level 1 in Ice Magic
 16118 | D:11     | You fall into a shaft and drop 3 floors!
 16142 | D:14     | Noticed a fire crab
 16209 | D:14     | Noticed Kirke
 16215 | D:13     | Noticed a vault guard
 16215 | D:13     | Noticed a vault guard
 16215 | D:13     | Noticed a vault guard
 16215 | D:13     | Noticed a vault guard
 16215 | D:13     | Noticed a vault guard
 16215 | D:13     | Found a gate to the Vaults.
 16273 | D:13     | Found a frozen archway.
 16305 | IceCv    | Entered an ice cave
 16305 | IceCv    | Noticed a white ugly thing
 16306 | IceCv    | Found a transporter.
 16309 | IceCv    | Killed a white ugly thing
 16324 | IceCv    | Noticed a white ugly thing
 16326 | IceCv    | Found the brooch of Shielding {Spirit SH+8}
 16327 | IceCv    | Found a transporter.
 16387 | IceCv    | Killed a white ugly thing
 16490 | IceCv    | Identified the +9 rapier of Nekhlif {antimagic, Will+
                  | Stlth+}
 17171 | D:13     | Noticed a two-headed ogre
 17182 | D:13     | Killed a two-headed ogre
 17317 | D:12     | Reached XP level 12. HP: 51/51 MP: 17/22
 17464 | D:11     | Found a staircase to the Orcish Mines.
 18062 | Temple   | Entered the Ecumenical Temple
 18548 | Lair:1   | Entered Level 1 of the Lair of Beasts
 19506 | D:12     | Noticed a five-headed hydra
 19520 | D:12     | Killed a five-headed hydra
 19783 | D:12     | Reached skill level 5 in Shields
 20734 | D:13     | Noticed a vault guard
 21118 | D:13     | Noticed a vault guard
 21303 | D:14     | Noticed a catoblepas
 21307 | D:14     | Killed a catoblepas
 21318 | D:15     | Entered Level 15 of the Dungeon
 21436 | D:14     | Reached ****** piety under Zin
 21527 | D:14     | Killed Kirke
 22192 | D:1      | Bought a potion of curing for 72 gold pieces
 22198 | D:1      | Bought a bound lapis lazuli ring for 120 gold pieces
 22198 | D:1      | Identified the ring "Sysoudgh" {Fly Int+4 Dex+2 Slay-6}
                  | (You bought it in a shop on level 1 of the Dungeon)
 22488 | Lair:1   | Reached XP level 13. HP: 47/55 MP: 5/23
 23378 | Lair:1   | Noticed Grum
 23392 | Lair:1   | Killed Grum
 24361 | Lair:2   | Found a staircase to the Snake Pit.
 24392 | Lair:2   | Reached skill level 1 in Fighting
 24466 | Lair:2   | Noticed Fannar
 24473 | Lair:2   | Killed Fannar
 25633 | Lair:3   | Reached skill level 10 in Invocations
 25738 | Lair:3   | Found a staircase to the Swamp.
 26198 | Lair:3   | Reached skill level 10 in Hexes
 26791 | Lair:3   | Reached skill level 5 in Fighting
 27158 | Lair:3   | Identified the +1 helmet of Wohunkia {Slay+3 Stlth+}
 27533 | Lair:4   | Reached XP level 14. HP: 70/70 MP: 14/24
 30289 | Lair:6   | Entered Level 6 of the Lair of Beasts
 30571 | Lair:6   | Found a staircase to the Slime Pits.
 30571 | Lair:6   | Found a viscous altar of Jiyva.
 30897 | Lair:6   | Reached skill level 10 in Fighting
 30942 | Lair:6   | Reached skill level 15 in Stealth
 31396 | Lair:6   | Reached XP level 15. HP: 44/80 MP: 1/25
 34204 | Orc:1    | Entered Level 1 of the Orcish Mines
 34651 | Orc:2    | Entered Level 2 of the Orcish Mines
 34666 | Orc:2    | Noticed an orc warlord
 34666 | Orc:2    | Found Gafukh's Antique Armour Emporium.
 34666 | Orc:2    | Found Guloaj's General Store.
 35004 | Orc:1    | Killed an orc warlord
 35224 | Orc:2    | Found Gujeink's Antique Weapon Boutique.
 35250 | Orc:2    | Found a staircase to the Elven Halls.
 35381 | Orc:2    | Found Gapis's Jewellery Shop.
 38198 | D:15     | Reached XP level 16. HP: 60/85 MP: 6/26
 38644 | D:15     | Found a staircase to the Depths.
 39064 | D:14     | Found the +7 great mace "Firestarter" {inner flame, rF++}
 39401 | Orc:2    | Bought the ring of Mykhlate {Fly rElec rPois Str+6} for
                  | 1024 gold pieces
 39551 | Swamp:1  | Entered Level 1 of the Swamp
 40452 | Lair:3   | Identified a scroll of acquirement
 40785 | Swamp:1  | Reached skill level 1 in Throwing
 40956 | Swamp:2  | Noticed a tentacled monstrosity
 41072 | Snake:1  | Entered Level 1 of the Snake Pit
 41176 | Snake:1  | Found Zuaps's Antique Weapon Emporium.
 41798 | Snake:1  | Found Ifauxiom's Magic Scroll Boutique.
 41948 | Snake:1  | Found Cyixt's Jewellery Shop.
 43001 | Snake:2  | Reached XP level 17. HP: 81/89 MP: 5/29
 43891 | Snake:3  | Identified the +10 arbalest "Dink" {venom, Fragile rF+
                  | Dex+5}
 44108 | Snake:3  | Noticed Mara
 44201 | Snake:3  | Identified the ring of the Voivode {Drain rF++ Str+6 Dex+4
                  | SInv}
 44477 | Snake:3  | Noticed DocSulfur's illusion
 45093 | Snake:3  | Reached skill level 5 in Throwing
 45338 | Snake:4  | Entered Level 4 of the Snake Pit
 45575 | Snake:4  | Identified the +1 robe "Opiq" {Fly rN+ Will+ Int+4}
 45641 | Snake:4  | Acquired the +11 quick blade "Iramm" {protect, Int+2
                  | Stlth+}
 45697 | Snake:4  | Noticed Roxanne
 45712 | Snake:4  | Killed Roxanne
 47790 | Snake:4  | Reached skill level 10 in Evocations
 47895 | Snake:4  | Reached XP level 18. HP: 81/93 MP: 10/30
 48063 | Snake:4  | Reached skill level 15 in Short Blades
 48110 | Snake:4  | Got a serpentine rune of Zot
 48230 | Snake:3  | Killed Mara
 48486 | Orc:2    | Bought the ring of Gyta {rC+ Will+ rCorr MP+9 Stlth+} for
                  | 796 gold pieces
 48531 | Elf:1    | Entered Level 1 of the Elven Halls
 48553 | Elf:1    | Learned a level 3 spell: Mephitic Cloud
 48855 | Elf:1    | Found a flickering gateway to a bazaar.
 48868 | Bazaar   | Entered a bazaar
 48870 | Bazaar   | Found Nuch's Armour Boutique.
 48874 | Bazaar   | Found Kuxuxky's General Store.
 48874 | Bazaar   | Found Cekamm's Jewellery Boutique.
 48874 | Bazaar   | Found Sioquc's Weapon Boutique.
 48899 | Bazaar   | Bought a scroll of vulnerability for 52 gold pieces
 48899 | Bazaar   | Bought a scroll of teleportation for 21 gold pieces
 49520 | Elf:2    | Reached skill level 15 in Dodging
 50207 | Elf:2    | Found a huge runed translucent gate.
 50208 | Elf:2    | Found a huge runed translucent gate.
 50214 | Elf:2    | Found a huge runed translucent gate.
 50214 | Elf:2    | Found a huge runed translucent gate.
 50214 | Elf:2    | Found a huge runed translucent gate.
 50827 | Elf:3    | Entered Level 3 of the Elven Halls
 51042 | Elf:3    | Reached XP level 19. HP: 98/98 MP: 31/31
 52638 | Elf:3    | Identified the +1 robe of Hopscotch {Str+6}
 52638 | Elf:3    | Identified the +1 robe of Betsominuj {rC+}
 52638 | Elf:3    | Identified the ring of Panentheism {rElec rPois rCorr Str-3
                  | SInv}
 53378 | Elf:3    | Identified the +4 scythe "Funiud" {vorpal, rF+ rCorr}
 53383 | Elf:3    | Identified the +5 ring mail of Qid Baw {rC+ rN+ Slay+3}
 54786 | Swamp:2  | Reached skill level 10 in Spellcasting
 55389 | Swamp:4  | Entered Level 4 of the Swamp
 56109 | Swamp:3  | Identified the amulet of Jezeuroy {Reflect rC- rN+ SH+5
                  | SInv}
 56267 | Swamp:3  | Identified the +9 shortbow "Q" {vorpal, rN+ Dex+3}
 56516 | Swamp:4  | Reached XP level 20. HP: 88/102 MP: 27/35
 56897 | Swamp:4  | Noticed Bai Suzhen
 56952 | Swamp:4  | Killed Bai Suzhen
 57830 | Swamp:4  | Got a decaying rune of Zot
 58601 | Vaults:1 | Entered Level 1 of the Vaults
 58901 | Vaults:1 | Learned a level 2 spell: Blink
 58907 | Vaults:1 | Learned a level 5 spell: Silence
 61229 | Vaults:2 | Noticed a bone dragon
 61231 | Vaults:2 | Found a staircase to the Crypt.
 61233 | Vaults:2 | Killed a bone dragon
 62055 | Vaults:2 | Reached XP level 21. HP: 107/107 MP: 36/36
 62429 | Vaults:3 | Found Jeusenew's Weapon Emporium.
 62544 | Vaults:3 | Got the Compendium of the Compass
 63020 | Vaults:3 | Reached skill level 15 in Hexes
 63418 | Vaults:3 | Reached skill level 10 in Throwing
 63869 | Vaults:3 | HP: 2/104 [yaktaur/bolt (18)]
 66083 | Vaults:4 | Identified the +0 robe "Atouzxur" {rElec Stlth+}
 66279 | Vaults:4 | Reached skill level 15 in Invocations
 67237 | Snake:1  | Bought a scroll of teleportation for 48 gold pieces
 67237 | Snake:1  | Bought a scroll of summoning for 152 gold pieces
 67483 | Depths:1 | Entered Level 1 of the Depths
 67784 | Depths:1 | Found a one-way gate to the infinite horrors of the Abyss.
 67785 | Depths:1 | Found a one-way gate leading to the halls of Pandemonium.
 67872 | Depths:1 | Found a gateway to a ziggurat.
 67930 | Depths:1 | Found a gateway to Hell.
 67987 | Depths:2 | Found Muji's General Store.
 67991 | Depths:2 | Bought a scroll of blinking for 105 gold pieces
 67991 | Depths:2 | Bought a scroll of blinking for 105 gold pieces
 68106 | Depths:2 | Noticed Nikola
 68108 | Depths:2 | Killed Nikola
 68193 | Depths:2 | Found Seocife's Assorted Antiques.
 68220 | Depths:2 | Reached XP level 22. HP: 89/111 MP: 31/37
 68631 | Depths:2 | Found Qesut's Distillery.
 68642 | Depths:2 | Bought a potion of heal wounds for 105 gold pieces
 68653 | Depths:2 | Found Kovad's Armour Boutique.
 69310 | Depths:2 | Found the +4 robe of Augmentation {Str+4 Int+4 Dex+4}
 69769 | Depths:2 | Found a stormy altar of Qazlal.
 69883 | Depths:3 | Paralysed by a floating eye for 2 turns
 69906 | Depths:3 | Found the +5 robe of Night {Dark Will+ SInv}
 70274 | D:9      | Acquired a manual of Spellcasting
 70278 | D:9      | Acquired the ring "Efounar" {rC+ Will+ MP+9}
 70291 | D:9      | Acquired a scarf of shadows
 70565 | Depths:2 | Found Bilosuru's General Store.
 72394 | Depths:3 | Found a transporter.
 72514 | Depths:3 | Identified the +6 tower shield of True Grit {rElec Int-2
                  | SInv}
 72514 | Depths:3 | Noticed Mennas
 72566 | Depths:3 | Killed Mennas
 72791 | Depths:3 | Reached XP level 23. HP: 56/115 MP: 25/38
 72922 | Depths:3 | Noticed Asterion
 72926 | Depths:3 | Killed Asterion
 73169 | Depths:3 | Found Etzirhel's General Store.
 73179 | Depths:3 | Bought 8 atropa-tipped darts for 72 gold pieces
 73300 | Depths:3 | Found Alaoguga's Distillery.
 73327 | Depths:3 | Bought a potion of cancellation for 120 gold pieces
 73523 | Depths:3 | Identified the ring "Null" {rPois MP+9 Int+5}
 73601 | Depths:3 | Identified the ring of Xefixieff {rPois Str+6}
 73701 | Depths:3 | Identified the ring of Gotaz {Wiz rPois Str-3 Stlth+}
 74138 | Depths:3 | Found a transporter.
 74842 | Depths:4 | Identified the +9 hunting sling "Jito" {freeze, rC+ MP+9
                  | Str+7 Dex+3}
 75877 | Depths:4 | Identified the ring of the Glowing Hero {Drain rC- rCorr
                  | Dex+8 Slay+4}
 76497 | Depths:4 | Noticed a juggernaut
 76713 | Depths:4 | Got the Almanac of the Rocks
 77039 | Depths:4 | Killed a juggernaut
 77316 | Depths:5 | Entered Level 5 of the Depths
 77563 | Depths:5 | Reached XP level 24. HP: 120/120 MP: 38/38
 77797 | Depths:5 | Found a gateway to a bazaar.
 77805 | Bazaar   | Entered a bazaar
 77821 | Bazaar   | Found Poppaxt's Magic Scroll Shop.
 77839 | Bazaar   | Found Gaofew's Distillery.
 77872 | Bazaar   | Found Mewehug's Distillery.
 77896 | Bazaar   | Found Foinuu Pism's Magic Scroll Shop.
 77900 | Bazaar   | Bought a scroll of fog for 32 gold pieces
 77900 | Bazaar   | Bought a scroll of teleportation for 48 gold pieces
 77900 | Bazaar   | Bought a scroll of blinking for 120 gold pieces
 77900 | Bazaar   | Bought a scroll of summoning for 152 gold pieces
 77930 | Bazaar   | Bought a scroll of teleportation for 51 gold pieces
 77930 | Bazaar   | Bought a scroll of teleportation for 51 gold pieces
 77930 | Bazaar   | Bought 3 scrolls of fog for 102 gold pieces
 77975 | Bazaar   | Bought a potion of haste for 140 gold pieces
 77975 | Bazaar   | Bought a potion of heal wounds for 70 gold pieces
 77995 | Bazaar   | Bought a potion of haste for 190 gold pieces
 78642 | Depths:5 | Found a shadowy altar of Dithmenos.
 79164 | Depths:5 | Found a gate to the Realm of Zot.
 79582 | Depths:5 | Reached skill level 15 in Throwing
 81524 | Vaults:5 | Entered Level 5 of the Vaults
 81556 | Vaults:4 | Learned a level 8 spell: Discord
 81595 | Vaults:4 | Reached XP level 25. HP: 84/123 MP: 26/38
 82930 | Vaults:5 | Identified the amulet "Leeceowk" {Faith Dex+3}
 82941 | Vaults:5 | Identified the ring of Soujuol {rElec rN+ rCorr Str+6
                  | Slay+3}
 83006 | Vaults:5 | Noticed an ancient lich
 83011 | Vaults:5 | Killed an ancient lich
 83400 | Vaults:5 | Identified the +0 rapier of the Other Side {antimagic,
                  | rElec Str+3}
 83528 | Vaults:5 | Got a silver rune of Zot
 84103 | Vaults:5 | Identified the +6 morningstar of Cegex {holy, rC- rCorr
                  | Int+2 Dex+5}
 84794 | Slime:1  | Entered Level 1 of the Pits of Slime
 84828 | Slime:1  | Reached skill level 15 in Spellcasting
 86526 | Slime:3  | Noticed Dissolution
 86604 | Slime:2  | Reached XP level 26. HP: 120/128 MP: 44/44
 87590 | Slime:5  | Entered Level 5 of the Pits of Slime
 88373 | Slime:5  | Noticed the Royal Jelly
 88390 | Slime:5  | Found a viscous altar of Jiyva.
 88616 | Slime:5  | Was placed under penance by Zin
 88630 | Slime:5  | Killed the Royal Jelly
 88970 | Slime:5  | Donated 1336 gold pieces to Zin
 89003 | Slime:5  | Got a slimy rune of Zot
 89006 | Slime:5  | Was forgiven by Zin
 89057 | Slime:5  | Identified the +7 shortbow "Fyus" {freeze, Int+3}
 89068 | Slime:5  | Got Luloin's Reference Book on Ice
 89081 | Slime:5  | Identified the +10 hand crossbow "Vups" {penet, Str+3}
 90208 | Slime:2  | Paralysed by a floating eye for 4 turns
 90213 | Slime:2  | Killed Dissolution
 90718 | Crypt:1  | Entered Level 1 of the Crypt
 90976 | Crypt:2  | Found a magical portal.
 90987 | WizLab   | Entered Lehudib's Moon Base
 91077 | WizLab   | Found a transporter.
 92417 | WizLab   | Found the +2 ratskin cloak {*Rats rPois rN+ Str-1 Int-1
                  | Dex+1}
 92696 | WizLab   | Found a transporter.
 93285 | WizLab   | Identified the ring "Sazam" {EV+4 Str+5 Dex+4}
 93297 | WizLab   | Identified the +6 arbalest of the Dozen Spirits {freeze,
                  | Fragile Will++ Str+6}
 94092 | Crypt:1  | Noticed Boris
 94153 | Crypt:1  | Killed Boris
 94633 | Crypt:1  | HP: 2/130 [jiangshi[a curse skull] (25)]
 95323 | Crypt:1  | Noticed Frederick
 95348 | Crypt:1  | Killed Frederick
 95499 | Crypt:1  | Reached XP level 27. HP: 128/134 MP: 44/44
 95704 | Crypt:1  | Found a runed translucent gate.
 95705 | Crypt:1  | Found a runed translucent gate.
 95705 | Crypt:1  | Found a runed translucent gate.
 95707 | Crypt:1  | Noticed Zezozy's ghost (veteran GrFi)
 96392 | Crypt:2  | Found the +3 giant club "Skullcrusher" {speed, Str+7}
 97959 | Crypt:3  | Entered Level 3 of the Crypt
 97960 | Crypt:3  | Found a transporter.
 97963 | Crypt:3  | Noticed an ancient lich
 97968 | Crypt:3  | Noticed Vaufon's ghost (veteran GrFi)
 98101 | Crypt:3  | Noticed Vecvo's ghost (veteran GrFi)
 98834 | Crypt:3  | Found a transporter.
 99009 | Crypt:3  | Found a staircase to the Tomb.
 99025 | Tomb:1   | Entered Level 1 of the Tomb of the Ancients
 99793 | Crypt:3  | Noticed a dread lich
 99793 | Crypt:3  | Noticed an ancient lich
 99793 | Crypt:3  | Noticed an ancient lich
100103 | Crypt:3  | Killed a dread lich
100119 | Crypt:3  | Killed an ancient lich
100136 | Crypt:3  | Got the Compendium of Floating Attacks
100143 | Crypt:3  | Got the Disquisition on Unholy Arts
100185 | Crypt:3  | Killed an ancient lich
101185 | Zot:1    | Entered Level 1 of the Realm of Zot
101197 | Zot:1    | Reached skill level 1 in Slings
101325 | Depths:5 | Reached skill level 1 in Summonings
101957 | Zot:1    | Reached skill level 5 in Slings
101971 | Zot:1    | Identified the +8 hunting sling "Fosuajail" {venom, Str-5
                  | Int+6}
102060 | Zot:1    | Reached skill level 15 in Evocations
102924 | Zot:2    | Reached skill level 5 in Summonings
102978 | Zot:2    | Found a runed translucent gate.
103328 | Zot:2    | Found a runed translucent gate.
103329 | Zot:2    | Found a runed translucent gate.
103329 | Zot:2    | Found an ancient bone altar of Kikubaaqudgha.
103329 | Zot:2    | Noticed a dread lich
103329 | Zot:2    | Noticed Numi's ghost (legendary OpWz)
103330 | Zot:2    | Noticed an ancient lich
103330 | Zot:2    | Noticed an ancient lich
103331 | Zot:2    | Noticed Cureyg's ghost (legendary MiFi)
104004 | Zot:5    | Entered Level 5 of the Realm of Zot
104101 | Zot:4    | Reached skill level 10 in Summonings
104729 | Zot:3    | Found a runed translucent door.
104733 | Zot:3    | Noticed Kataureu's ghost (legendary GnMo)
104970 | Zot:3    | Noticed an orb of fire
105001 | Zot:3    | Killed an orb of fire
105822 | Zot:5    | Noticed an orb of fire
105822 | Zot:5    | Noticed an orb of fire
105843 | Zot:5    | Learned a level 6 spell: Shadow Creatures
106053 | Zot:5    | Killed an orb of fire
106159 | Zot:5    | Killed an orb of fire
106908 | Zot:5    | Noticed a dread lich
106910 | Zot:5    | Noticed an orb of fire
107056 | Zot:4    | Killed an orb of fire
107195 | Zot:5    | Noticed an ancient lich
107539 | Zot:4    | Killed an ancient lich
107848 | Zot:5    | Noticed an orb of fire
107949 | Zot:5    | Killed an orb of fire
108021 | Zot:5    | Noticed an orb of fire
108347 | Zot:5    | Killed an orb of fire
108482 | Zot:5    | Killed a dread lich
108669 | Zot:5    | Noticed an ancient lich
108685 | Zot:5    | Noticed an ancient lich
108770 | Zot:5    | Killed an ancient lich
109018 | Zot:5    | Killed an ancient lich
109901 | D:9      | Upgraded the game from 0.27-a0-1586-gd5c625afe7 to
                  | 0.27-a0-1591-gc56fcc985a
110149 | Depths:1 | Voluntarily entered the Abyss.
110334 | Abyss:2  | Found a radiant altar of Vehumet.
110746 | Depths:1 | Escaped the Abyss
110927 | D:9      | Acquired a +4 quick blade
111288 | Depths:1 | Voluntarily entered the Abyss.
111944 | Abyss:1  | Found a stormy altar of Qazlal.
112548 | Abyss:3  | Reached skill level 1 in Armour
113261 | Abyss:3  | Found a corrupted altar of Lugonu.
113333 | Abyss:3  | Found a sacrificial altar of Ru.
113418 | Abyss:3  | Found a corrupted altar of Lugonu.
114337 | Abyss:3  | Reached skill level 5 in Armour
115020 | Abyss:3  | Paralysed by accursed screaming for 1 turns
115405 | Abyss:3  | Got Daet's Volume of Sinister Malediction
115413 | Abyss:3  | Learned a level 6 spell: Invisibility
116134 | Abyss:3  | Found a corrupted altar of Lugonu.
116315 | Abyss:3  | Paralysed by accursed screaming for 1 turns
116660 | Abyss:3  | Found a blossoming altar of Fedhas.
116704 | Abyss:3  | Found a blossoming altar of Fedhas.
116836 | Abyss:3  | Found a transporter.
116885 | Abyss:3  | Paralysed by accursed screaming for 1 turns
117307 | Abyss:4  | Got an abyssal rune of Zot
117611 | Abyss:4  | Paralysed by accursed screaming for 1 turns
117621 | Abyss:4  | Paralysed by accursed screaming for 2 turns
117665 | Depths:1 | Escaped the Abyss
117837 | D:9      | Acquired the +0 cloak "Eveyngimp" {rPois rF+ Regen+ MP+9}
118084 | Depths:5 | Acquired 855 gold pieces
119071 | Crypt:1  | HP: 5/142 [Zezozy's ghost/iron shot (69)]
120154 | Hell     | Entered the Vestibule of Hell
120154 | Hell     | Noticed Geryon
120210 | Hell     | Cast into level 2 of the Abyss (hell knight)
120260 | Hell     | Escaped the Abyss
120316 | Hell     | Killed Geryon
120511 | Hell     | Found a gateway to the decaying netherworld of Tartarus.
120893 | Hell     | Found a gateway to the freezing wastes of Cocytus.
120928 | Hell     | Found a gateway to the Iron City of Dis.
121910 | Hell     | Found a gateway to the ashen valley of Gehenna.
122056 | Geh:1    | Entered Level 1 of Gehenna
122311 | Geh:7    | Entered Level 7 of Gehenna
123220 | Geh:7    | Identified the +0 scale mail of Brilliance {Int+5}
123307 | Geh:7    | Found the +7 sceptre of Asmodeus
123307 | Geh:7    | Noticed Asmodeus
123587 | Geh:7    | Got an obsidian rune of Zot
123602 | Geh:7    | Killed Asmodeus
124352 | Geh:7    | Found the +9 scales of the Dragon King {rPois rF+ rC+
                  | Will+}
124376 | Geh:7    | Identified the ring of Boeteliy {rPois rC+ MP-9 Dex+9 SInv}
124390 | Geh:7    | Got the Grimoire of the Soldier
125314 | Depths:1 | Voluntarily entered the Abyss.
125565 | Abyss:1  | Found a corrupted altar of Lugonu.
125952 | Depths:1 | Escaped the Abyss
126081 | Coc:1    | Entered Level 1 of Cocytus
126262 | Coc:2    | Reached skill level 27 in Stealth
126947 | Coc:7    | Entered Level 7 of Cocytus
128101 | Coc:7    | Identified the +8 shortbow "Orb Guardian's Foe" {speed,
                  | Will+ Str+3}
128199 | Coc:7    | Identified the +5 war axe "Unnotoott" {flame, *Noise rElec
                  | rPois Str+9}
129644 | Coc:7    | Reached skill level 27 in Short Blades
130097 | Coc:7    | Noticed Antaeus
130179 | Coc:7    | Killed Antaeus
130285 | Coc:7    | Got an icy rune of Zot
130588 | Depths:2 | Bought a scroll of blinking for 165 gold pieces
130741 | Tar:1    | Entered Level 1 of Tartarus
131710 | Tar:7    | Entered Level 7 of Tartarus
131814 | Tar:7    | Noticed a dread lich
131821 | Tar:7    | Killed a dread lich
132679 | Tar:7    | Noticed a dread lich
132687 | Tar:7    | Killed a dread lich
133081 | Tar:7    | Identified the +7 long sword of Judgement {distort, Fly
                  | rElec Int+2}
133082 | Tar:7    | Identified the +8 long sword of Xuapp {drain, Drain rN+
                  | Int+2 Dex+6}
133112 | Tar:7    | Found the ring of the Hare {EV+8}
133137 | Tar:7    | Reached skill level 15 in Fighting
133157 | Tar:7    | Identified the amulet "Jaer" {rElec rPois Regen+}
133309 | Tar:7    | Noticed Ereshkigal
133658 | Tar:7    | Killed Ereshkigal
133753 | Tar:7    | Got a bone rune of Zot
134215 | Tar:7    | Found the +8 Vampire's Tooth {vamp}
134461 | Tar:7    | Identified the amulet "Qifociw" {RegenMP rN++ Stlth+}
135580 | Dis:1    | Entered Level 1 of the Iron City of Dis
136283 | Dis:5    | You are sucked into a shaft and drop 1 floor!
136306 | Dis:7    | Entered Level 7 of the Iron City of Dis
136636 | Dis:1    | Noticed a royal mummy
136638 | Dis:1    | Killed a royal mummy
136655 | Dis:1    | Noticed a royal mummy
136657 | Dis:1    | Killed a royal mummy
136665 | Dis:1    | Noticed a royal mummy
136667 | Dis:1    | Killed a royal mummy
136671 | Dis:1    | Noticed a royal mummy
136689 | Dis:1    | Killed a royal mummy
136698 | Dis:1    | Noticed a royal mummy
136700 | Dis:1    | Killed a royal mummy
138642 | Dis:7    | Identified the +0 leather armour "Ariufun" {SInv}
138643 | Dis:7    | Identified the +0 short sword of Saphof {protect, rC++
                  | Dex+4 Stlth+}
138645 | Dis:7    | Identified the ring of Oceq Vefo {rElec rC- Will+ Int+3}
139646 | Dis:7    | Identified the ring of Tuddix {Contam rElec rF+ rC+++
                  | Dex+3}
139650 | Dis:7    | Got the Compendium of the Torrid Traveller
140712 | Dis:7    | Found the +4 staff of Dispater
140712 | Dis:7    | Noticed Dispater
140715 | Dis:7    | Killed Dispater
140723 | Dis:7    | Got an iron rune of Zot
140729 | Dis:7    | Identified the +0 cloak of Xom's Grace {Harm rElec Int-3
                  | Stlth-}
141065 | Depths:2 | Bought 2 potions of haste for 420 gold pieces
141065 | Depths:2 | Bought a potion of magic for 168 gold pieces
141065 | Depths:2 | Bought a potion of might for 84 gold pieces
141277 | Pan      | Entered Pandemonium
141283 | Pan      | Acquired the +0 hat of Vexation {*Slow +Blink rF+}
141440 | Pan      | Noticed Giuliufa the pandemonium lord
141517 | Pan      | Killed Giuliufa the pandemonium lord
141673 | Pan      | Got a demonic rune of Zot
142105 | Pan      | Entered the realm of Cerebov.
142867 | Pan      | Found the +6 sword of Cerebov {flame}
142867 | Pan      | Noticed Cerebov
142983 | Pan      | Killed Cerebov
143022 | Pan      | Identified the +1 robe "Etovewko" {rC++ Str-5 Int+7}
143043 | Pan      | Identified the ring of Duxexenn {rElec rCorr MP+9 Int+4}
143048 | Pan      | Identified the +0 chain mail of the Salmon {-Cast Fly Will+
                  | rCorr}
143158 | Pan      | Identified the ring of Scepticism {Will+ Str+6 Dex-5}
143165 | Pan      | Identified the ring "Aklistreff" {Ice rPois rN++ Str+2
                  | SInv}
143222 | Pan      | Got A Primer on Theurgy
143241 | Pan      | Identified the +5 scale mail of the Hanged Man {rElec rF+
                  | Will- rCorr Int+3}
143441 | Pan      | Got a fiery rune of Zot
143813 | Pan      | Found an exit through the horrors of the Abyss.
143839 | Pan      | Took an exit into the Abyss.
143839 | Abyss:1  | Escaped into the Abyss
143920 | Depths:1 | Escaped the Abyss
143927 | Pan      | Entered Pandemonium
144110 | Pan      | Found an exit through the horrors of the Abyss.
144118 | Pan      | Entered the realm of Gloorx Vloq.
144550 | Pan      | Reached skill level 27 in Invocations
145379 | Pan      | Noticed Gloorx Vloq
145399 | Pan      | Killed Gloorx Vloq
145436 | Pan      | Got a dark rune of Zot
145574 | Pan      | Entered the realm of Lom Lobon.
145574 | Pan      | Found an exit through the horrors of the Abyss.
145936 | Pan      | Identified the +9 dagger of Defiance {vamp, rF+ Will+ Dex-2
                  | SInv}
146719 | Pan      | Noticed Lom Lobon
146729 | Pan      | Killed Lom Lobon
146762 | Pan      | Got a magical rune of Zot
146932 | Pan      | Noticed Urcham the pandemonium lord
147936 | Pan      | Noticed Yvioq the pandemonium lord
147955 | Pan      | Killed Yvioq the pandemonium lord
148053 | Pan      | Entered the realm of Mnoleg.
148704 | Pan      | Acquired a +1 hat of stealth
148791 | Pan      | Acquired 809 gold pieces
148815 | Pan      | Noticed Mnoleg
148850 | Pan      | Killed Mnoleg
148879 | Pan      | Got a glowing rune of Zot
148968 | Pan      | Found an exit through the horrors of the Abyss.
148979 | Pan      | Took an exit into the Abyss.
148979 | Abyss:1  | Escaped into the Abyss
149095 | Depths:1 | Escaped the Abyss
150621 | Tomb:1   | Noticed a royal mummy
150624 | Tomb:1   | Killed a royal mummy
150800 | Tomb:2   | Noticed a royal mummy
150816 | Tomb:2   | Noticed a royal mummy
150860 | Tomb:2   | Killed a royal mummy
150870 | Tomb:2   | Noticed a royal mummy
150871 | Tomb:2   | Noticed a royal mummy
151284 | Tomb:1   | Donated 4777 gold pieces to Zin
151554 | Tomb:2   | Killed a royal mummy
151588 | Tomb:2   | Killed a royal mummy
151847 | Tomb:2   | Killed a royal mummy
152032 | Tomb:1   | Noticed a royal mummy
152037 | Tomb:1   | Killed a royal mummy
152041 | Tomb:1   | Noticed a royal mummy
152056 | Tomb:1   | Noticed a royal mummy
152056 | Tomb:1   | Noticed a royal mummy
152139 | Tomb:1   | Killed a royal mummy
152144 | Tomb:1   | Noticed a royal mummy
152145 | Tomb:1   | Noticed a royal mummy
152148 | Tomb:1   | Killed a royal mummy
152161 | Tomb:1   | Killed a royal mummy
152172 | Tomb:1   | Killed a royal mummy
152181 | Tomb:1   | Killed a royal mummy
152188 | Tomb:1   | Noticed a royal mummy
152280 | Tomb:1   | Killed a royal mummy
152288 | Tomb:1   | Noticed a royal mummy
152311 | Tomb:1   | Killed a royal mummy
152332 | Tomb:1   | Noticed a royal mummy
152363 | Tomb:1   | Killed a royal mummy
152375 | Tomb:1   | Noticed a royal mummy
152382 | Tomb:1   | Killed a royal mummy
152387 | Tomb:1   | Noticed a royal mummy
152418 | Tomb:1   | Killed a royal mummy
152443 | Tomb:1   | Noticed a royal mummy
152513 | Tomb:1   | Killed a royal mummy
152529 | Tomb:1   | Noticed a royal mummy
152546 | Tomb:1   | Killed a royal mummy
152582 | Tomb:1   | Noticed a royal mummy
152585 | Tomb:1   | Noticed a royal mummy
152863 | Tomb:1   | Killed a royal mummy
152924 | Tomb:1   | Killed a royal mummy
152997 | Tomb:1   | Noticed a royal mummy
153000 | Tomb:1   | Noticed a royal mummy
153001 | Tomb:1   | Noticed a royal mummy
153004 | Tomb:1   | Noticed a royal mummy
153395 | Tomb:1   | Killed a royal mummy
153465 | Tomb:1   | Killed a royal mummy
153481 | Tomb:1   | Killed a royal mummy
153579 | Tomb:1   | Noticed a royal mummy
153583 | Tomb:1   | Noticed a royal mummy
153586 | Tomb:1   | Killed a royal mummy
153588 | Tomb:1   | Noticed a royal mummy
153591 | Tomb:1   | Killed a royal mummy
153619 | Tomb:1   | Killed a royal mummy
153636 | Tomb:1   | Noticed a royal mummy
153640 | Tomb:1   | Noticed a royal mummy
153643 | Tomb:1   | Killed a royal mummy
153651 | Tomb:1   | Noticed a royal mummy
153906 | Tomb:1   | Killed a royal mummy
153911 | Tomb:1   | Killed a royal mummy
153931 | Tomb:1   | Killed a royal mummy
154487 | Tomb:3   | Entered Level 3 of the Tomb of the Ancients
154510 | Tomb:3   | Noticed Boris
154513 | Tomb:3   | Gained mutation: You are frail. (-10% HP) [mutagenic glow]
154526 | Tomb:2   | Lost mutation: You are frail. (-10% HP) [potion of
                  | mutation]
154566 | Tomb:2   | Gained mutation: You are weak. (Str -2) [mutagenic glow]
154785 | Tomb:2   | Lost mutation: You are weak. (Str -2) [potion of mutation]
155096 | Tomb:3   | Noticed a royal mummy
155114 | Tomb:3   | Noticed a royal mummy
155115 | Tomb:3   | Killed a royal mummy
155122 | Tomb:3   | HP: 7/147 [mummy priest/divine providence (15)]
155123 | Tomb:3   | Got a golden rune of Zot
156710 | D:1      | Bought a scroll of teleportation for 72 gold pieces
156710 | D:1      | Bought a potion of haste for 240 gold pieces
157302 | Zot:5    | Got the Orb of Zot
157457 | Depths:5 | Noticed Fuceosin the pandemonium lord
157774 | D:4      | Noticed Kurchotto the pandemonium lord
157777 | D:4      | Noticed an ancient lich
157863 | D:$      | Escaped with the Orb!

Illustrated notes

Levels and vault maps discovered:
D:1:      wander_arrival_fairy_ring, layout_basic, serial_shops, shop,
          ebering_ecumenical_altar_box, minmay_distorted
D:2:      layout_basic, corexii_shack
D:3:      kennysheep_goblin_castle, layout_loops_ring
D:4:      layout_rooms, minmay_shop_damaged
D:5:      layout_basic, zin_statuary, amcnicky_altar_gilded,
          grunt_temple_overflow_open, mainiacjoe_overflow_paths
D:6:      layout_rooms, nemelex_diamond_rough_becter, vehumet_statue,
          nrook_mini_backslash, uniq_duvessa
D:7:      minmay_octagon_keep, layout_loops_corners, tso_metal_star,
          minmay_temple_entry_junction_2, nicolae_water_bricks, minivault_22,
          uniq_maggie, uniq_menkaure
D:8:      layout_gridville
D:9:      layout_loops_ring, evilmike_ruin_ashenzari, marbit_many_paths,
          erik_lair_orcish_takeover, minivault_16
D:10:     layout_rooms, uniq_gastronok
D:11:     layout_roguey, orc_0_dummy, uniq_josephine
D:12:     layout_basic
D:13:     layout_stronghold, erik_vaults_2, serial_bayou, serial_bayou_lagoon_a,
          serial_bayou_crossing, serial_bayou_ford_a, serial_bayou_shore_b,
          portal_ice_cave_rime, minmay_misc_feat_nine_boxes
D:14:     minmay_firetagon, layout_long_grid, ebering_dispersal_statue_hall,
          uniq_kirke
D:15:     grunt_enter_depths_snipers, layout_loops_ring,
          hangedman_abyss_or_decor_stabs, corexii_checkpoint_b
Temple:   pf_slime_end_temple
Lair:1:   layout_cave_pods, grunt_megastairs_2, uniq_grum
Lair:2:   layout_chaotic_city, minmay_snake_entry_spellcaster,
          grunt_megastairs_4, minmay_lair_oklob_chamber, uniq_fannar
Lair:3:   layout_regular_city, minmay_swamp_entry_reptiles, grunt_megastairs_3
Lair:4:   layout_cave_shapes, lemuel_fruit_tree
Lair:5:   layout_cellular_growth
Lair:6:   evilmike_catoblepas_cave, layout_cave_pods, slime_altar_1,
          infiniplex_staircase_pool
Swamp:1:  layout_basic_swamp, hangedman_swamp_pad
Swamp:2:  nicolae_swamp_flooded_prison, layout_basic_swamp,
          nicolae_swamp_ascending_descending
Swamp:3:  layout_falls_marsh, nicolae_swamp_tree_isthmus
Swamp:4:  swamp_vile, layout_basic_swamp, uniq_bai_suzhen
Snake:1:  layout_basic, serial_shops, nicolae_lakefront_shop,
          nicolae_take_the_stairs, shop, serial_bayou_shore_b
Snake:2:  layout_gridlike
Snake:3:  layout_misc_corridors, uniq_mara
Snake:4:  grunt_snake_rune_spirals, layout_onion, uniq_roxanne
Slime:1:  layout_caves
Slime:2:  layout_caves
Slime:3:  layout_caves, cheibrodos_slime_lost_civilization_4, uniq_dissolution
Slime:4:  layout_caves, basic_altar, nicolae_slime_phagocytosis
Slime:5
Orc:1:    layout_caves, enter_bailey_3, mines2_david
Orc:2:    grunt_orc_gardens, layout_diamond_mine, grunt_orc_garden,
          grunt_orc_garden, grunt_orc_garden, grunt_orc_garden
Elf:1:    eino_elf_arrival_the_gate, layout_rooms, serial_shops,
          bzr_entry_dummy, minmay_elf_necromancy, item_on_display_a
Elf:2:    layout_geoelf_diagonals, special_room [special_room_orc]
Elf:3:    elf_hall_gauntlet_wide, layout_gridlike, grunt_ministairs_5
Vaults:1: hangedman_vaults_locks, nicolae_vaults_alarming, v_misc_3, v_rooms_6,
          grunt_vaults_swirl, vaults_room_grunt_arrival_ludios,
          layout_vaults_quadrants
Vaults:2: minmay_crypt_entry_nasty_monster, grunt_vaults_hallway_long,
          ontoclasm_vaults_claustrophobia, nicolae_vaults_little_squares_2,
          ontoclasm_vaults_gateway, hangedman_vaults_river_flow,
          nicolae_vaults_little_squares_2, nicolae_vaults_shelves_hall,
          hangedman_vaults_capsules, nicolae_vaults_little_squares_2,
          vaults_room_grid, grunt_vaults_twisty, layout_vaults_omnicross
Vaults:3: nicolae_vaults_back_hallway, nicolae_vaults_network_square,
          vaults_standard_mumra_enter_the_diamond, vaults_dpeg_hooks,
          layout_vaults_chaotic_city, serial_shops, nicolae_lakefront_shop
Vaults:4: v_misc_13, nicolae_vaults_specimen_jars, serial_ice_h, st_octagons_2,
          vaults_room_octagon, v_alt_pattern_6, nicolae_vaults_asterisk,
          vaults_mumra_lcd, ontoclasm_vaults_ring_square,
          ontoclasm_vaults_shuriken, hangedman_vaults_restitches,
          nicolae_vaults_circle_grid_a, hangedman_vaults_corner_blocks,
          hangedman_vaults_maws, ontoclasm_vaults_chip,
          nicolae_vaults_network_s, nicolae_vaults_big_ls,
          hangedman_vaults_stretched_pinwheel, vaults_dpeg_encased_lava,
          vaults_dpeg_diagonal, layout_vaults_maze
Vaults:5: serial_shops
Crypt:1:  layout_catacombs, gammafunk_ghost_spectres, corner_web_ring,
          hex_large, uniq_frederick, uniq_boris
Crypt:2:  layout_basic, infiniplex_enter_wizlab_spiral,
          minmay_guarded_unrand_skullcrusher
Crypt:3:  david_glass_crypt, layout_misc_corridors,
          tomb_entry_forgotten_bobbens, nzn_ghost_randoct
Tomb:1
Tomb:2
Tomb:3
Depths:1: layout_gridlike, enter_ziggurat_b, abyss_entry, pan_entry,
          pf_vacation_house_of_asmodeus, minmay_misc_feat_rows,
          minmay_misc_feat_encased, grunt_decor_arrowhead, lemuel_flamethrower_3
Depths:2: regret_index_qazlal_generations, layout_gridlike,
          pf_hell_entry_tar_spiral, roderic_roman_lattice, serial_shops, shop,
          nicolae_diamond_shop, shop, shop, nicolae_stop_n_shop_2, special_room
          [special_room_mythical_zoo], uniq_nikola
Depths:3: hangedman_spin_cycle, hell_entry, pan_entry, uniq_asterion,
          uniq_mennas, uniq_margery
Depths:4: minmay_swirls_squares, layout_gridlike, abyss_entry, hellmouth_1
Depths:5: lemuel_castle_with_subvaults [lemuel_castle_interior_original],
          layout_gridlike, grunt_dithmenos_smoke, hell_entry, serial_shops,
          bzr_in_the_mist, rand_demon_pan_entry_1
Hell
Dis:1:    lemuel_mystery_crypt, layout_jigsaw, hangedman_dis_decor_tower
Dis:2:    layout_jigsaw, grunt_megastairs_1
Dis:3:    layout_regular_city
Dis:4:    layout_gridville
Dis:5:    layout_subdivisions
Dis:6:    layout_subdivisions
Dis:7:    dis_hangedman
Geh:1:    layout_gehenna_lava_caves
Geh:2:    layout_gehenna_pools_triple, lemuel_flamethrower_3
Geh:3:    layout_gehenna_lava_caves
Geh:4:    layout_gehenna_lava_caves
Geh:5:    layout_gehenna_pools_box
Geh:6:    layout_gehenna_pools_box
Geh:7:    evilmike_geh
Coc:1:    layout_cocytus_water_paths
Coc:2:    layout_ice_bergs
Coc:3:    layout_cocytus_water_paths
Coc:4:    layout_ice_bergs
Coc:5:    layout_ice_bergs
Coc:6:    layout_ice_bergs
Coc:7:    coc_mu
Tar:1:    layout_honeycomb
Tar:2:    layout_grid_maze, hangedman_snap_crack_crunch
Tar:3:    layout_catacombs, evilmike_ambush [evilmike_ambush_outer_corners,
          evilmike_ambush_inner_pond]
Tar:4:    layout_catacombs, lemuel_elevator, grunt_megastairs_5
Tar:5:    layout_grid_maze, nicolae_tar_cuneiform_not
Tar:6:    layout_cathedral_of_symmetry, nicolae_tar_cuneiform_bird
Tar:7:    tar_old
Zot:1:    gammafunk_mikee_crab_dinner, layout_onion_interference
Zot:2:    layout_misc_corridors, gammafunk_ghost_crypt
Zot:3:    layout_misc_corridors, ebering_ghost_reflecting_pool
Zot:4:    layout_onion
Zot:5:    layout_gridville, st_stairs_2, lemuel_baited_zot_trap,
          grunt_ministairs_2, lemuel_lake_of_fire

Skill      XL: |  1  2  3  4  5  6  7  8  9 10 11 12 13 14 15 16 17 18 19 20 21 22 23 24 25 26 27 |
---------------+----------------------------------------------------------------------------------+-----
Stealth        | 5 6 7 8 9 10 13 14 15 18 20 23 27 | 27.0
Short Blades   | 2 3 4 6 7 10 11 13 14 16 18 20 21 27 | 27.0
Hexes          | 4 5 6 7 10 12 14 16 18 20 22 24 | 24.0
Evocations     | 2 3 5 6 10 13 14 26 | 26.2
Invocations    | 4 6 7 8 10 11 12 15 17 19 20 27 | 27.0
Dodging        | 3 8 10 11 13 15 16 18 | 18.9
Spellcasting   | 3 5 6 7 10 16 22 | 22.5
Conjurations   | 3 4 |  4.0
Shields        | 3 6 7 |  7.2
Ice Magic      | 2 4 |  4.0
Fighting       | 6 10 16 | 16.0
Throwing       | 3 5 9 10 12 16 25 | 25.7
Slings         | 5 |  5.2
Summonings     | 14 | 14.0
Armour         | 8 |  8.0

Action                   |  1- 3 |  4- 6 |  7- 9 | 10-12 | 13-15 | 16-18 | 19-21 | 22-24 | 25-27 || total
-------------------------+-------+-------+-------+-------+-------+-------+-------+-------+-------++-------
Melee: Dagger            |   112 |   157 |   344 |   535 |  1255 |   565 |       |       |       ||  2968
       Rapier            |       |       |       |    45 |     2 |       |       |       |   223 ||   270
       Quick blade       |       |       |       |       |       |   474 |  1269 |  1114 |  6053 ||  8910
       Short sword       |       |       |       |       |       |       |       |       |  3676 ||  3676
 Fire: Hunting sling     |       |     1 |     2 |    34 |    88 |    26 |     7 |     1 |   153 ||   312
Throw: Stone             |    16 |       |     2 |       |       |       |       |       |       ||    18
       Throwing net      |       |       |       |       |       |     3 |       |       |       ||     3
       Boomerang         |       |       |       |       |       |       |    42 |    45 |    92 ||   179
       Dart              |       |       |       |       |       |       |       |    28 |   274 ||   302
 Cast: Corona            |    45 |    33 |    20 |    12 |     4 |       |       |     1 |       ||   115
       Confusing Touch   |     1 |    15 |    65 |   100 |   114 |    49 |    73 |   117 |   757 ||  1291
       Ensorcelled Hiber |       |     2 |     4 |     6 |    81 |    42 |    19 |     2 |       ||   156
       Tukima's Dance    |       |       |     5 |       |     4 |       |     3 |     5 |       ||    17
       Dazzling Flash    |       |       |       |     3 |   176 |   184 |   205 |    74 |   511 ||  1153
       Silence           |       |       |       |       |       |       |       |       |    36 ||    36
       Invisibility      |       |       |       |       |       |       |       |       |    41 ||    41
       Discord           |       |       |       |       |       |       |       |       |     9 ||     9
       Shadow Creatures  |       |       |       |       |       |       |       |       |     3 ||     3
Invok: Recite            |       |       |    20 |    34 |    12 |    24 |    32 |    11 |   114 ||   247
       Imprison          |       |       |       |     1 |       |       |       |       |     1 ||     2
       Vitalisation      |       |       |       |       |     1 |       |       |       |     5 ||     6
       Donate Gold       |       |       |       |       |       |       |       |       |     3 ||     3
       Sanctuary         |       |       |       |       |       |       |       |       |     5 ||     5
 Abil: Evoke Invisibilit |       |       |       |       |       |     4 |    15 |     7 |    13 ||    39
Evoke: Wand              |       |     1 |     2 |    23 |    21 |    13 |    19 |     1 |    31 ||   111
       Tin of tremorston |       |       |       |     2 |       |       |       |       |       ||     2
       Phantom mirror    |       |       |       |       |       |       |       |       |     1 ||     1
       Phial of floods   |       |       |       |       |       |       |       |       |     1 ||     1
  Use: Scroll            |       |     3 |     3 |    21 |     7 |     9 |     5 |     9 |    60 ||   117
       Potion            |       |       |     1 |     4 |     2 |     3 |     1 |     2 |    43 ||    56
 Stab: Sleeping          |     9 |    12 |    16 |    21 |    59 |   100 |   128 |   109 |   357 ||   811
       Confused          |     1 |    15 |    51 |    87 |   109 |    81 |   110 |   164 |   831 ||  1449
       Paralysed         |       |     1 |       |     5 |    19 |     9 |     1 |       |     5 ||    40
       Invisible         |       |       |       |     6 |   171 |   176 |   164 |   123 |   723 ||  1363
       Distracted        |       |       |       |     3 |     6 |    12 |    14 |    16 |   142 ||   193
       Petrified         |       |       |       |       |     1 |       |       |       |       ||     1
       Held in net/web   |       |       |       |       |       |     1 |       |       |       ||     1
Armor: Robe              |     7 |     9 |    20 |    20 |    37 |    23 |    38 |    26 |   156 ||   336
       Troll leather arm |       |       |       |       |       |       |       |       |    79 ||    79
Dodge: Dodged            |    67 |    79 |   156 |   254 |   424 |   377 |   439 |   476 |  4714 ||  6986
Block: Buckler           |       |       |       |    90 |   943 |   564 |   538 |   486 |  4884 ||  7505
       Reflection        |       |       |       |       |       |       |       |       |    15 ||    15

Table legend: (Time is in decaauts)
 A = Elapsed time spent in this place.
 B = Non-inter-level travel time spent in this place.
 C = Inter-level travel time spent in this place.
 D = Time resting spent in this place.
 E = Time spent auto-exploring this place.
 F = Levels seen in this place.
 G = Mean time per level.
                   A        B        C        D        E       F      G
               +--------+--------+--------+--------+--------+-----+--------+
         Total | 105095 |  96272 |   8823 |  15274 |  15717 | 118 |  890.6 |
       Dungeon |  21485 |  17190 |   4295 |   2303 |   4371 |  15 | 1432.3 |
        Temple |     86 |     86 |      0 |      0 |     75 |   1 |   86.0 |
          Lair |   9229 |   8271 |    958 |    936 |   2872 |   6 | 1538.2 |
         Swamp |   3047 |   2895 |    152 |    362 |    517 |   4 |  761.8 |
     Snake Pit |   5139 |   4917 |    222 |   1248 |    645 |   4 | 1284.8 |
    Slime Pits |   3131 |   3124 |      7 |    191 |     94 |   5 |  626.2 |
  Orcish Mines |   1813 |   1760 |     53 |    254 |    604 |   2 |  906.5 |
   Elven Halls |   3485 |   3350 |    135 |    482 |    561 |   3 | 1161.7 |
        Vaults |   8644 |   7676 |    968 |   1552 |   2233 |   5 | 1728.8 |
         Crypt |   4844 |   4587 |    257 |    530 |    581 |   3 | 1614.7 |
          Tomb |   3995 |   3973 |     22 |   1124 |      0 |   3 | 1331.7 |
        Depths |  10445 |   9235 |   1210 |   1735 |   1936 |   5 | 2089.0 |
          Hell |   1501 |   1466 |     35 |    321 |      0 |   1 | 1501.0 |
           Dis |   3896 |   3888 |      8 |   1380 |      0 |   7 |  556.6 |
       Gehenna |   1846 |   1846 |      0 |    357 |      0 |   7 |  263.7 |
       Cocytus |   2841 |   2841 |      0 |    652 |      9 |   7 |  405.9 |
      Tartarus |   2397 |   2374 |     23 |    127 |      0 |   7 |  342.4 |
           Zot |   5739 |   5267 |    472 |    338 |   1088 |   5 | 1147.8 |
         Abyss |   4364 |   4364 |      0 |    132 |      0 |  11 |  396.7 |
   Pandemonium |   4692 |   4692 |      0 |    285 |      0 |  13 |  360.9 |
        Bazaar |    213 |    213 |      0 |      0 |      0 |   2 |  106.5 |
      Ice Cave |    747 |    747 |      0 |    565 |      0 |   1 |  747.0 |
        Wizlab |   1505 |   1505 |      0 |    394 |    127 |   1 | 1505.0 |
               +--------+--------+--------+--------+--------+-----+--------+

Top non-repeatable levels by time:
     D:9: 3734 daAuts
Depths:2: 2936 daAuts
   Dis:7: 2791 daAuts
 Abyss:3: 2562 daAuts
  Lair:6: 2531 daAuts
Depths:5: 2426 daAuts
   Coc:7: 2354 daAuts
  Tomb:1: 2306 daAuts
    D:13: 2256 daAuts
   Zot:5: 2200 daAuts
Vaults:2: 2147 daAuts
   Elf:3: 2112 daAuts
 Crypt:1: 2078 daAuts
 Snake:4: 1901 daAuts
Depths:3: 1872 daAuts
